Construct Section Command Post
Selects Canadian Shock Battlegroup
Selects Incendiary Munitions
Construct Platoon Command Post
Construct Field Infirmary
Selects Offensive Resupply
6-pounder Anti-tank Gun Team
Unlock Bishop Self-propelled Artillery
Bishop Self-propelled Artillery
Selects Canadian Shock Section
6-pounder Anti-tank Gun Team
Bishop Self-propelled Artillery
Selects Demolition Engineering
Construct Company Command Post